 Dungeon Crawl Stone Soup version 0.25-a0-729-g14964f1db5 (webtiles) character file.

Game seed: 9963449878353220843, levelgen mode: deterministic

96 Notrik the Skirmisher (level 4, 0/37 HPs)
             Began as a Demonspawn Fighter on Apr 7, 2020.
             Slain by a gnoll
             ... wielding a +0 spear
              (1 damage)
             ... on level 2 of the Dungeon.
             The game lasted 00:03:03 (1065 turns).

Notrik the Skirmisher (Demonspawn Fighter)          Turns: 1065, Time: 00:03:04

Health: 0/37       AC:  8    Str: 17    XL:     4   Next: 41%
Magic:  4/4        EV:  7    Int:  9    God:
Gold:   24         SH:  9    Dex: 13    Spells: 3/3 levels left

rFire    . . .     SeeInvis .   a - +0 long sword
rCold    . . .     Gourm    .   c - +0 kite shield
rNeg     . . .     Faith    .   b - +0 scale mail
rPois    .         Spirit   .   (no helmet)
rElec    .         Reflect  .   (no cloak)
rCorr    .         Harm     .   (no gloves)
MR       .....                  (no boots)
Stlth    ..........             (no amulet)
HPRegen  0.12/turn              (no ring)
MPRegen  0.09/turn              (no ring)

@: no status effects
A: claws 1, slimy green scales 1
a: no special abilities


You were on level 2 of the Dungeon.
You were not hungry.

You visited 1 branch of the dungeon, and saw 2 of its levels.

You collected 24 gold pieces.

Inventory:

Hand Weapons
 a - a +0 long sword (weapon)
Armour
 b - a +0 scale mail (worn)
 c - a +0 kite shield (worn)
Scrolls
 f - a scroll of immolation {unknown}
 h - a scroll of fog {unknown}
 i - 2 scrolls of remove curse {unknown}
 k - a scroll of identify {unknown}
 l - a scroll of magic mapping {unknown}
Potions
 d - a potion of might
Comestibles
 e - 3 rations {!d}
 g - a chunk of flesh


   Skills:
 * Level 4.3 Fighting
 - Level 1.7 Long Blades
 + Level 3.3 Armour
 + Level 3.3 Shields


You had 3 spell levels left.
You didn't know any spells.
Your spell library was empty.

Dungeon Overview and Level Annotations

Branches:
Dungeon (2/15)

Altars:
Hepliaklqana


Innate Abilities, Weirdness & Mutations

You have sharp fingernails.
You are partially covered in slimy green scales. (AC +2)


Message History

The gnoll hits you but does no damage. x2
You slash the gnoll!
You kill the gnoll!
You feel sick. The gnoll closely misses you.
The ball python bites you but does no damage.
The ball python grabs you. The ball python constricts you.
Unknown command.
You hit the ball python.
You kill the ball python!
You feel sick.
You barely miss the worm.
You feel sick.
Your shield prevents you from hitting the worm.
The worm barely misses you.
You riposte.
You hit the worm.
Unknown command.
You slash the worm!
You feel sick. The worm barely misses you.
You hit the worm but do no damage. The worm bites you!
* * * LOW HITPOINT WARNING * * *
You block the gnoll's attack.
You slash the worm!
You kill the worm!
You feel sick. You block the gnoll's attack.
You slash the gnoll! The gnoll hits you but does no damage.
The gnoll barely misses you.
You hit the gnoll.
You feel sick. The gnoll hits you but does no damage.
You block the gnoll's attack. The gnoll barely misses you.
Some of the chunks of flesh in your inventory have rotted away.
You hit the gnoll but do no damage. The gnoll hits you but does no damage.
You block the gnoll's attack. The gnoll hits you.
* * * LOW HITPOINT WARNING * * *
Your shield and scale mail prevent you from hitting the gnoll.
The gnoll hits you from afar with a +0 spear!
* * * LOW HITPOINT WARNING * * *
The gnoll hits you.
* * * LOW HITPOINT WARNING * * *
It was a potion of curing.
You feel better.
The gnoll hits you from afar with a +0 spear.
* * * LOW HITPOINT WARNING * * *
You block the gnoll's attack.
You hit the gnoll.
The gnoll hits you from afar with a +0 spear.
* * * LOW HITPOINT WARNING * * *
The gnoll hits you but does no damage. You block the gnoll's attack.
You closely miss the gnoll. The gnoll hits you but does no damage.
The gnoll hits you from afar with a +0 spear.
* * * LOW HITPOINT WARNING * * *
The gnoll completely misses you.
You slash the gnoll!
You kill the gnoll!
The gnoll hits you from afar with a +0 spear.
You die...

..# ....#.# #.# ....#.#
... _..... #### #.#
....# ...##### #.# ....#
)....))# #.# g..
...###)# #.####)####.#
.<.###)#####....@......#
#.###.....(...$.......##
#.# #.................#
#.# #.................#
#.###.................#
#(.........#######..##..
#..........# #.# .
#..........# .#
##......[..#


You could see a gnoll.

Vanquished Creatures
  6 gnolls (D:2)
  A worm (D:2)
  A dart slug (D:1)
  A leopard gecko (D:1)
  A giant cockroach (D:1)
  2 goblins (D:2)
  4 hobgoblins (D:1)
  2 jackals (D:2)
  A ball python (D:2)
  4 bats
  6 frilled lizards
  3 kobolds
  6 rats (D:1)
38 creatures vanquished.

Notes
Turn   | Place    | Note
-------+----------+-------------------------------------------
     0 | D:1      | Notrik the Demonspawn Fighter began the quest for the Orb.
     0 | D:1      | Reached XP level 1. HP: 18/18 MP: 1/1
   131 | D:1      | Gained mutation: You are partially covered in slimy green
                  | scales. (AC +2) [demonic ancestry]
   131 | D:1      | Reached XP level 2. HP: 22/24 MP: 2/2
   650 | D:2      | Gained mutation: You have sharp fingernails. [demonic
                  | ancestry]
   650 | D:2      | Reached XP level 3. HP: 20/29 MP: 3/3
   695 | D:2      | Reached skill level 4 in Fighting
   989 | D:2      | Reached XP level 4. HP: 31/37 MP: 4/4
  1047 | D:2      | Found a hazy altar of Hepliaklqana.
  1061 | D:2      | HP: 1/37 [gnoll (1)]
  1065 | D:2      | Slain by a gnoll

Levels and vault maps discovered:
D:1:      sevenhm_arrival_forest_fort_small_4, layout_basic
D:2:      layout_basic, old_standard_altar, kennysheep_okawaru_gauntlet,
          uniq_terence

Skill      XL: |  1  2  3 |
---------------+----------+-----
Shields        | 3 |  3.3
Armour         | 3 |  3.3
Fighting       | 4 |  4.3
Long Blades    | |  1.7

Action                   |  1- 3 |  4- 6 || total
-------------------------+-------+-------++-------
Melee: Long sword        |    93 |    18 ||   111
  Use: Potion            |       |     1 ||     1
  Eat: Chunk             |       |     1 ||     1
Armor: Scale mail        |    68 |    10 ||    78
Dodge: Dodged            |    30 |     8 ||    38
Block: Kite shield       |    42 |    10 ||    52
       Rpst.: Long sword |     7 |     1 ||     8

Table legend:
 A = Non-vault XP
 B = Vault XP
 C = Vault XP percentage of total XP
 D = Non-vault monster count
 E = Vault monster count
 F = Vault count percentage of total count
                 A         B        C        D         E       F
            +---------+---------+-------+---------+---------+-------
      Total |     138 |       0 |   0.0 |      38 |       0 |   0.0
            +---------+---------+-------+---------+---------+-------
        D:1 |      35 |       0 |   0.0 |      23 |       0 |   0.0
        D:2 |     103 |       0 |   0.0 |      15 |       0 |   0.0
            +---------+---------+-------+---------+---------+-------
